 Dungeon Crawl Stone Soup version 0.27.0-1-g7a089689b8 (webtiles) character file.

Game seed: 2964586521819799739

686870 SnakkuSnakku7 the Crack Shot (level 27, -3/237 HPs)
             Began as a Vampire Hunter on Aug 4, 2021.
             Was the Champion of Qazlal.
             Killed from afar by a Brimstone Fiend (38 damage)
             ... with damnation
             ... on level 10 of the Dungeon.
             The game lasted 03:16:40 (97182 turns).

SnakkuSnakku7 the Crack Shot (Vampire Hunter)      Turns: 97182, Time: 03:16:40

Health: -3/237     AC: 49    Str: 24 (26) XL:     27
Magic:  38/38      EV: 13    Int: 17      God:    Qazlal [******]
Gold:   11099      SH:  8    Dex: 15      Spells: 23/26 levels left

rFire    + + +     SeeInvis +   a - +5 longbow (freeze)
rCold    + . .     Faith    .   (shield currently unavailable)
rNeg     . . .     Spirit   .   t - +11 crystal plate armour
rPois    +         Reflect  .   e - +2 helmet
rElec    +         Harm     .   i - +1 cloak "Piol" {Will+}
rCorr    +         Rampage  .   X - +0 pair of gloves of the Lonely Runes {Contam Fly rF+ Slay+2}
Will     +++..     Clarity  +   S - +2 pair of boots {Fly}
Stlth    ..........             Y - amulet of regeneration
HPRegen  1.69/turn              V - ring "Wegublir" {rF+ rCorr Str+6 SInv Stlth+}
MPRegen  0.26/turn              j - +4 ring of evasion

@: resistant, protected from physical damage, unable to read, flying, healing
quickly, hasted, studying 3 skills, repel missiles, very quick
A: alive, fangs 3, see invisible, vampiric 2, clarity, deterioration 1,
screaming 1, wild magic 1, inability to read while threatened
0: Orb of Zot
}: 3/15 runes: decaying, silver, gossamer
a: Exsanguinate, Renounce Religion, Upheaval, Elemental Force, Disaster Area


You were on level 10 of the Dungeon.
You worshipped Qazlal.
Qazlal was exalted by your worship.
You visited 11 branches of the dungeon, and saw 53 of its levels.
You visited the Abyss 1 time.
You also visited: Bailey and Gauntlet.

You collected 13633 gold pieces.
You spent 2534 gold pieces at shops.

Inventory:

Hand Weapons
 a - a +5 longbow of freezing (weapon)
Missiles
 w - 5 throwing nets
 A - 231 arrows (quivered ammo)
Armour
 e - a +2 helmet (worn)
 i - the +1 cloak "Piol" (worn) {Will+}
   (You found it on level 3 of the Lair of Beasts)

   Will:      It increases your willpower.
 t - a +11 crystal plate armour (worn)
 S - a +2 pair of boots of flying (worn)
 X - the +0 pair of gloves of the Lonely Runes (worn) {Contam Fly rF+ Slay+2}
   (You found it on level 3 of the Elven Halls)

   Slay:      It affects your accuracy & damage with ranged weapons and melee
   (+2).
   rF:        It protects you from fire.
   Fly:       It grants you flight.
   Contam:    It causes magical contamination when unequipped.
Jewellery
 g - a ring of protection from cold
 j - a +4 ring of evasion (right hand)
 k - the ring of Onomysotz {Str+3 SInv}
   (You took it off a yaktaur captain on level 5 of the Vaults)

   [ring of see invisible]

   Str:       It affects your strength (+3).
   SInv:      It lets you see invisible.
 m - a ring of protection from fire
 q - the ring "Fionko" {rN+ Will+}
   (You took it off a deep elf death mage on level 2 of the Elven Halls)

   [ring of willpower]

   rN:        It protects you from negative energy.
   Will:      It increases your willpower.
 F - a ring of wizardry
 I - a +4 ring of protection
 M - the ring "Qeugus" {Fly rElec Str-5 Int+9 Dex-2}
   (You found it in a Gauntlet)

   [ring of flight]

   Str:       It affects your strength (-5).
   Int:       It affects your intelligence (+9).
   Dex:       It affects your dexterity (-2).
   rElec:     It insulates you from electricity.
   Fly:       It grants you flight.
 Q - the amulet of the Four Winds {rN+ Will+++ Clar}
   (You found it on level 1 of the Realm of Zot)

   [amulet of nothing]

   rN:        It protects you from negative energy.
   Clar:      It protects you against confusion.
   Will:      It greatly increases your willpower.
 T - a ring of resist corrosion
 V - the ring "Wegublir" (left hand) {rF+ rCorr Str+6 SInv Stlth+}
   (You took it off a deep elf demonologist on level 3 of the Elven Halls)

   [ring of strength]

   Str:       It affects your strength (+6).
   rF:        It protects you from fire.
   SInv:      It lets you see invisible.
   rCorr:     It protects you from acid and corrosion.
   Stlth:     It makes you more stealthy.
 Y - an amulet of regeneration (around neck)
Wands
 c - a wand of iceblast (71)
 r - a wand of mindburst (21)
 x - a wand of polymorph (55)
 y - a wand of digging (5)
 D - a wand of acid (31)
 G - a wand of charming (23)
 N - a wand of flame (151)
 P - a wand of paralysis (37)
Scrolls
 f - 16 scrolls of teleportation
 h - 3 scrolls of summoning
 n - 7 scrolls of amnesia
 s - 40 scrolls of identify
 v - a scroll of brand weapon
 z - a scroll of blinking
 H - 2 scrolls of silence
 R - 4 scrolls of fog
 U - 3 scrolls of magic mapping
Potions
 b - 10 potions of curing
 l - 2 potions of resistance
 p - 7 potions of berserk rage
 u - 8 potions of might
 B - 16 potions of brilliance
 C - 3 potions of cancellation
 E - 2 potions of magic
 J - 4 potions of ambrosia
 L - a potion of mutation
 O - 4 potions of invisibility
Miscellaneous
 d - a phial of floods
 K - a phantom mirror


   Skills:
 - Level 23.7 Fighting
 - Level 23.8 Bows
 - Level 7.5 Crossbows
 - Level 15.2 Armour
 - Level 10.0 Dodging
 - Level 1.5 Stealth
 - Level 12.0 Hexes
 - Level 8.0 Translocations
 + Level 23.5 Invocations


You had 23 spell levels left.
You knew the following spells:

 Your Spells              Type           Power      Damage    Failure   Level
a - Portal Projectile     Hex/Tloc       88%        N/A       41%         3

Your spell library contained the following spells:

 Spells                   Type           Power      Damage    Failure   Level
 Corona                   Hex            57%        N/A       8%          1
 Slow                     Hex            52%        N/A       12%         2
 Confusing Touch          Hex            52%        N/A       21%         3
 Tukima's Dance           Hex            52%        N/A       21%         3
 Apportation              Tloc           70%        N/A       34%         1
 Blink                    Tloc           N/A        N/A       45%         2
 Cause Fear               Hex            26%        N/A       52%         4
 Lesser Beckoning         Tloc           17%        N/A       67%         3
 Ensorcelled Hibernation  Hex/Ice        52%        N/A       73%         2
 Inner Flame              Hex/Fire       26%        N/A       90%         3
 Summon Guardian Golem    Hex/Summ       26%        N/A       90%         3
 Passage of Golubria      Tloc           N/A        N/A       96%         4
 Animate Skeleton         Necr           0%         N/A       100%        1
 Foxfire                  Conj/Fire      0%         2x1d4     100%        1
 Freeze                   Ice            0%         1d3       100%        1
 Magic Dart               Conj           0%         1d3       100%        1
 Pain                     Necr           0%         1d4       100%        1
 Sandblast                Erth           0%         2d4       100%        1
 Sting                    Tmut/Pois      0%         1d3       100%        1
 Summon Small Mammal      Summ           0%         N/A       100%        1
 Corpse Rot               Necr/Air       N/A        N/A       100%        2
 Passwall                 Tmut/Erth      0%         N/A       100%        2
 Poisonous Vapours        Pois/Air       0%         N/A       100%        2
 Searing Ray              Conj           0%         3d3       100%        2
 Wereblood                Tmut           0%         N/A       100%        2
 Call Canine Familiar     Summ           0%         N/A       100%        3
 Conjure Flame            Conj/Fire      0%         6-21      100%        3
 Frozen Ramparts          Ice            0%         1d2       100%        3
 Ignite Poison            Fire/Tmut/Pois 0%         N/A       100%        3
 Mephitic Cloud           Conj/Pois/Air  0%         N/A       100%        3
 Spider Form              Tmut/Pois      0%         N/A       100%        3
 Stone Arrow              Conj/Erth      0%         3d7       100%        3
 Vampiric Draining        Necr           0%         2d6       100%        3
 Animate Armour           Summ/Erth      0%         N/A       100%        4
 Animate Dead             Necr           0%         N/A       100%        4
 Fulminant Prism          Conj/Hex       13%        3d9       100%        4
 Hailstorm                Conj/Ice       0%         3d3       100%        4
 Ice Form                 Ice/Tmut       0%         N/A       100%        4
 Iskenderun's Mystic Bla  Conj/Tloc      17%        2d5       100%        4
 Leda's Liquefaction      Hex/Erth       13%        N/A       100%        4
 Olgreb's Toxic Radiance  Pois           0%         N/A       100%        4
 Sticky Flame             Conj/Fire      0%         2d3       100%        4
 Summon Ice Beast         Ice/Summ       0%         N/A       100%        4
 Summon Lightning Spire   Summ/Air       0%         N/A       100%        4
 Agony                    Necr           0%         N/A       100%        5
 Alistair's Intoxication  Tmut/Pois      0%         N/A       100%        5
 Bolt of Magma            Conj/Fire/Erth 0%         4d4       100%        5
 Borgnjor's Vile Clutch   Necr/Erth      0%         N/A       100%        5
 Fireball                 Conj/Fire      0%         3d3       100%        5
 Freezing Cloud           Conj/Ice/Air   0%         6-21      100%        5
 Iskenderun's Battlesphe  Conj           0%         2d6       100%        5
 Lee's Rapid Deconstruct  Erth           0%         3d5*      100%        5
 Lightning Bolt           Conj/Air       0%         1d11      100%        5
 Manifold Assault         Tloc           35%        N/A       100%        5
 Summon Forest            Summ/Tloc      8%         N/A       100%        5
 Yara's Violent Unravell  Hex/Tmut       13%        3d7       100%        5
 Conjure Ball Lightning   Conj/Air       0%         3x3d6     100%        6
 Death Channel            Necr           0%         N/A       100%        6
 Eringya's Noxious Bog    Tmut/Pois      0%         N/A       100%        6
 Shadow Creatures         Summ           N/A        N/A       100%        6
 Haunt                    Necr/Summ      0%         N/A       100%        7
 Orb of Destruction       Conj           0%         N/A       100%        7
 Storm Form               Tmut/Air       0%         N/A       100%        7
 Summon Hydra             Summ           0%         N/A       100%        7
 Discord                  Hex            26%        N/A       100%        8
 Infestation              Necr           0%         N/A       100%        8
 Lehudib's Crystal Spear  Conj/Erth      0%         10d2      100%        8
 Maxwell's Capacitive Co  Air            0%         ∞         100%        8
 Fire Storm               Conj/Fire      0%         5d1       100%        9
 Shatter                  Erth           0%         3d5*      100%        9
 Sublimation of Blood     Necr           Unusable   N/A       N/A         2
 Borgnjor's Revivificati  Necr           Unusable   N/A       N/A         8

Dungeon Overview and Level Annotations

Branches:
Dungeon (15/15)            Temple (1/1) D:7            Lair (6/6) D:8
  Swamp (4/4) Lair:2       Spider (4/4) Lair:3        Slime (0/5) Lair:6
    Orc (2/2) D:12            Elf (3/3) Orc:2        Vaults (5/5) D:13
  Crypt (3/3) Vaults:3       Tomb (0/3) Crypt:3      Depths (5/5) D:15
    Zot (5/5) Depths:5     Bailey (visited)         Gauntlet (visited)

Altars:
Ashenzari
Cheibriados
Dithmenos
Elyvilon
Fedhas
Gozag
Hepliaklqana
Kikubaaqudgha
Makhleb
Nemelex Xobeh
Okawaru
Qazlal
Ru
Sif Muna
Trog
Uskayaw
Vehumet
Wu Jian
Xom
Yredelemnul
Zin
The Shining One
Beogh
Jiyva

Shops:
D:8 **   D:10 *   Orc:2 ((*(   Elf:1 :   Elf:2 [(   Vaults:4 (   Depths:1 (

Portals:
Hell: Lair:6 Depths:1 Depths:2 Depths:3 Depths:4 Depths:5
Abyss: Depths:2 Depths:4 Depths:5
Pandemonium: Depths:1 Depths:3
Ziggurat: Depths:1
Trove: D:12 (give 12 potions of heal wounds)

Annotations:
D:9 exclusion: upstairs
Spider:1 Rallik's ghost, adept DjCj


Innate Abilities, Weirdness & Mutations

Your natural rate of healing is accelerated.
You have razor-sharp teeth.
You have supernaturally acute eyesight. (SInv)
You are afflicted with vampirism and can become a bat while bloodless.
You possess an exceptional clarity of mind.
Your body sometimes deteriorates upon taking damage.
You occasionally shout uncontrollably at your foes.
Your spells are a little harder to cast, but a little more powerful.
You sometimes lose the ability to read scrolls when taking damage.


Message History

A Brimstone Fiend comes into view.
Wyosecu kicks you but does no damage.
Unknown command.
You feel yourself speed up.
The Brimstone Fiend calls on the powers of darkness!
Your body is wracked with pain!
Your body deteriorates!
You feel weakened. Wyosecu kicks you!!
* * * LOW HITPOINT WARNING * * *
You feel more protected from physical attacks.
The Brimstone Fiend calls on the powers of darkness!
Your body is wracked with pain!
* * * LOW HITPOINT WARNING * * *
Okay, then.
You cannot read scrolls in your current state!
Unknown command.
You can't see any clouds you can empower.
Unknown command.
The Brimstone Fiend hits you but does no damage. x3
Fire: 233 arrows
Press: ? - help, Q - select action, (/) - cycle Shift-Dir - straight line, f/p - Wyosecu
Aim: Wyosecu (heavily wounded, 42% to hit)
Okay, then.
Unknown command.
You feel protected.
Fire: 233 arrows
Press: ? - help, Q - select action, (/) - cycle Shift-Dir - straight line, f - Brimstone Fiend, p - Wyosecu
Aim: a Brimstone Fiend (85% to hit)
You shoot an arrow.
The arrow completely misses the Brimstone Fiend.
Unknown command.
Fire: 232 arrows
Press: ? - help, Q - select action, (/) - cycle Shift-Dir - straight line, f/p - Brimstone Fiend
Aim: a Brimstone Fiend (85% to hit)
You shoot an arrow. The arrow hits the Brimstone Fiend!!!
The arrow freezes the Brimstone Fiend!!
The Brimstone Fiend is severely wounded.
The Brimstone Fiend gestures at you.
The sphere of damnation explodes!
The damnation engulfs you!!!
You die...

#.#...#..##...# #..
#.#...#..##...# #..
#.#...#..##...# #..
#.#...#..##...# #..
#.#...#..##...# #..
#.#...#..##...# #..
#.#☼..#..##...# #..
#..○.....##...# #..
#○@§○.§.......# #..
#..1.(........# #..
####&##.......# #..
#.##.......# #..
#.##.......# #..
#.##.......###..
#(##............
#(##............
####(##>...........


You could see Wyosecu and a Brimstone Fiend.

Vanquished Creatures
  4 dread liches
  6 orbs of fire
  4 ancient liches
  The ghost of Switch the Slayer, a veteran DDFi of Makhleb (Vaults:1)
  Boris (Crypt:2)
  Margery (Depths:4)
  Xtahua (Crypt:3)
  The ghost of AgonHex the Hoplite, a veteran HOFi of Qazlal (Vaults:2)
  9 Killer Klowns
  3 curse toes
  Nikola (Elf:1)
  The ghost of Dacon the Minotaur Blade, an adept MiGl of Gozag (Vaults:1)
  The ghost of agentgt the Warrior, a veteran KoAK of Lugonu (Vaults:2)
  The ghost of agentgt the Warrior, a veteran KoAK of Lugonu (Vaults:2)
  12 golden dragons
  3 electric golems
  The ghost of Cuserhuc the Slayer, an adept DjAE of Hepliaklqana (Vaults:2)
  The ghost of SpeedRobin the Pandemonic, an adept DDFi of Makhleb (Vaults:2)
  15 tentacled monstrosities
  4 liches
  Jorgrun (Orc:1)
  23 Orb Guardians
  8 titans
  Rupert (D:13)
  Asterion (Elf:3)
  The ghost of Suryr the Thaumaturge, an adept GnWz of Sif Muna (Swamp:2)
  10 quicksilver dragons
  Frances (D:14)
  4 deep elf blademasters
  2 deep elf master archers (Elf:3)
  6 sphinxes
  4 ancient champions
  7 shadow dragons
  A thorn hunter (Swamp:4)
  3 tentacled starspawn (Abyss:3)
  8 death cobs
  13 storm dragons
  10 tengu reavers
  A storm dragon (shapeshifter) (Depths:1)
  Agnes (Spider:3)
  13 fire giants
  3 revenants
  5 draconian knights
  A fenstrider witch (Swamp:2)
  2 draconian monks (Zot:3)
  7 frost giants
  10 draconian scorchers
  2 iron dragons
  6 deep elf sorcerers
  6 emperor scorpions
  17 vault wardens
  7 draconian shifters
  Aizul (Lair:3)
  9 ghost moths
  Louise (Elf:1)
  2 draconian stormcallers
  An orc warlord (Orc:1)
  18 ironbound preservers
  10 deep elf elementalists
  7 draconian annihilators
  5 ghouls
  20 very ugly things
  13 stone giants
  A caustic shrike skeleton (Crypt:3)
  13 vampire knights
  4 war gargoyles
  A lorocyproca (Depths:2)
  13 black draconians
  9 deep elf demonologists
  7 purple draconians
  7 green draconians
  8 deep elf annihilators
  A bunyip (shapeshifter) (Vaults:5)
  Azrael (D:15)
  2 entropy weavers
  9 spark wasps
  8 yellow draconians
  4 bunyips
  A minotaur (Gauntlet)
  A dire elephant (Vaults:3)
  An eidolon (Vaults:3)
  5 white draconians
  18 red draconians
  18 ettins
  3 eleionomae
  6 crystal guardians
  A green death (D:10)
  3 shambling mangroves
  An eleionoma (shapeshifter) (Vaults:2)
  13 deep elf death magi
  9 fire dragons
  7 deep elf high priests
  9 great orbs of eyes
  15 jiangshi
  7 ice dragons
  6 rakshasas
  16 yaktaur captains
  Erolcha (D:9)
  Josephine (D:11)
  4 peacekeepers
  A fenstrider witch zombie (Crypt:3)
  3 boulder beetles
  2 salamander tyrants (Depths:2)
  3 ironbound thunderhulks
  A hell beast (Lair:6)
  3 ogre magi
  2 death knights
  21 hydras
  23 centaur warriors
  3 spriggan air magi
  A catoblepas (Lair:2)
  37 vault guards
  3 juggernaut simulacra (Depths:2)
  3 two-headed ogres
  5 alligators
  8 ironbound frosthearts
  A ghost crab (Swamp:3)
  6 deep troll shamans
  11 death yaks
  2 tengu warriors
  33 dancing weapons
  A spriggan berserker (Depths:5)
  9 deep troll earth magi
  17 vampire magi
  The ghost of Sabo the Cleaver, a novice HuBe of Trog (D:8)
  3 orc high priests (Orc:2)
  3 ironbound beastmasters
  A spectral storm dragon (Crypt:2)
  Sonja (Orc:1)
  5 storm dragon zombies
  12 hell knights
  A spriggan (Swamp:4)
  18 deep elf knights
  A sun demon (Depths:1)
  14 skeletal warriors
  A wretched star (Abyss:3)
  4 goliath frogs
  4 iron trolls
  3 storm dragon skeletons
  A fire crab (shapeshifter) (D:13)
  A sixfirhy (Gauntlet)
  16 swamp dragons
  A shadow wraith (Crypt:2)
  40 deep trolls
  A shadow demon (Depths:1)
  A glowing orange brain (Vaults:4)
  2 golden dragon zombies (Crypt:3)
  2 flayed ghosts (Crypt:3)
  2 quicksilver dragon simulacra (Depths:2)
  23 ironbound convokers
  6 bog bodies
  2 spriggan druids (Swamp:4)
  5 harpies
  A wolf spider zombie (Crypt:3)
  18 deep elf archers
  3 lindwurms
  33 deep elf pyromancers
  7 wizards
  16 phantasmal warriors
  A tengu zombie (Vaults:1)
  The ghost of freelancePsychic the Skirmisher, a novice BaCK of Cheibriados (D:7)
  2 will-o-the-wisps
  A goliath frog zombie (Crypt:1)
  27 orb spiders
  15 orc knights
  20 deep elf zephyrmancers
  3 spectral fire dragons (Crypt:2)
  11 necromancers
  4 orc sorcerers
  44 wolf spiders
  3 spectral ice dragons (Crypt:2)
  55 ugly things
  A worldbinder (Abyss:3)
  A stone giant zombie (Crypt:3)
  10 cyclopes
  3 manticores
  2 frost giant zombies
  5 draconians
  2 fauns (shapeshifter)
  A frost giant skeleton (Crypt:1)
  31 moths of wrath
  5 black mambas
  4 orange demons
  2 naga magi (D:15)
  A storm dragon simulacrum (Vaults:5)
  7 elephants
  25 vault sentinels
  13 cane toads
  A dire elephant skeleton (Crypt:1)
  5 torpor snails
  An unseen horror (D:12)
  2 efreet
  2 yaktaurs (shapeshifter)
  A shock serpent skeleton (Crypt:1)
  An emperor scorpion zombie (Crypt:3)
  6 freezing wraiths
  38 yaktaurs
  2 smoke demons
  15 komodo dragons
  A kobold demonologist (Depths:4)
  10 rime drakes
  3 ice devils
  An ancient zyme (Abyss:3)
  16 demonic crawlers
  4 tengu conjurers
  A hellwing (Depths:1)
  A death yak skeleton (Crypt:2)
  A silent spectre (Vaults:3)
  5 trolls
  3 human skeletons
  3 meliai (Spider:4)
  6 tyrant leeches
  A red devil (Lair:6)
  A polar bear (Lair:3)
  A boulder beetle zombie (Crypt:1)
  39 jumping spiders
  5 raiju (Abyss:3)
  A blink frog (shapeshifter) (Abyss:3)
  A raiju (shapeshifter) (Elf:2)
  An ettin zombie (Crypt:3)
  Prince Ribbit (D:9)
  A fire dragon zombie (Crypt:3)
  9 hornets
  A slime creature (shapeshifter) (Depths:2)
  17 blink frogs
  A meliai zombie (D:15)
  48 slime creatures
  A large abomination (Abyss:3)
  10 dream sheep
  An alligator zombie (Crypt:3)
  A dream sheep (shapeshifter) (D:13)
  3 ynoxinuls (Abyss:3)
  A spriggan (shapeshifter) (Depths:2)
  14 flying skulls
  76 redbacks
  3 shadows
  An alligator skeleton (Crypt:2)
  18 vampires
  A redback (shapeshifter) (Depths:5)
  3 centaur simulacra
  4 water elementals
  35 tarantellas
  3 basilisks
  5 fire elementals
  32 yaks
  A basilisk (shapeshifter) (Elf:1)
  16 humans (D:13)
  9 wraiths
  2 steam dragons (D:8)
  3 wyverns
  A chaos spawn (Abyss:3)
  12 vampire mosquitoes
  3 wargs
  A neqoxec (Abyss:3)
  A faun zombie (Crypt:2)
  A naga (shapeshifter) (Depths:2)
  A swamp worm (shapeshifter) (Depths:3)
  14 swamp worms
  5 acid dragons
  A gelid demonspawn zombie (Crypt:3)
  21 water moccasins
  7 hell hounds
  A floating eye (Depths:3)
  Duvessa (D:6)
  6 swamp drakes (Swamp:4)
  5 small abominations (Abyss:3)
  A meliai simulacrum (D:15)
  2 ice beasts
  A snapping turtle zombie (Crypt:3)
  29 orc warriors
  A dream sheep zombie (Crypt:3)
  A black mamba simulacrum (Crypt:1)
  6 ogres
  8 wolves
  4 black bears
  5 necrophages
  A centaur (shapeshifter) (D:13)
  16 centaurs
  A manticore skeleton (Crypt:2)
  A boggart (shapeshifter) (D:14)
  An elf zombie (Crypt:2)
  5 kobold brigands
  18 bullfrogs
  4 earth elementals
  3 wyvern zombies
  2 gnoll sergeants
  3 water moccasin zombies
  A warg zombie (Crypt:1)
  A water moccasin skeleton (D:5)
  Dowan (D:6)
  7 killer bees
  3 wights
  6 electric eels
  6 howler monkeys
  5 jellies
  A bullfrog zombie (D:6)
  6 centaur zombies
  2 hounds
  19 orc priests
  A gnoll shaman (D:8)
  3 iguanas
  2 centaur skeletons
  A demonspawn zombie (Crypt:1)
  20 orc wizards
  A demonspawn skeleton (Crypt:2)
  A scorpion zombie (D:5)
  An acid dragon zombie (Crypt:2)
  An acid dragon skeleton (Crypt:2)
  An ogre skeleton (Crypt:2)
  2 hound skeletons
  2 howler monkey zombies
  12 gnolls
  A howler monkey skeleton (D:7)
  5 adders
  A shadow imp (D:7)
  6 white imps
  An adder zombie (Crypt:1)
  2 adder skeletons (D:4)
  A worm (D:4)
  A dart slug (D:4)
  91 orcs
  6 bats
  3 endoplasms
  4 giant cockroaches
  9 goblins
  6 hobgoblins
  6 jackals
  2 quokkas
  6 ball pythons
  A frilled lizard (shapeshifter) (D:14)
  5 frilled lizards
  2 giant cockroach zombies (Crypt:3)
  A jackal zombie (Crypt:3)
  16 kobolds
  An orc zombie (Crypt:3)
  3 rats
  A rat zombie (Crypt:3)
  A bush (Lair:6)
  A butterfly (Lair:1)
  A lurking horror (Abyss:3)
  4 starspawn tentacles (Abyss:3)
2317 creatures vanquished.

Vanquished Creatures (collateral kills)
  Sojobo (Vaults:5)
  Jory (Vaults:3)
  Arachne (Spider:2)
  2 tengu reavers (Vaults:5)
  The ghost of jujuben the Executioner, a journeyman HOGl of Okawaru (Orc:2)
  A spriggan air mage (Depths:1)
  A freezing wraith (Vaults:2)
8 creatures vanquished.

Vanquished Creatures (others)
  A draconian shifter (Zot:3)
  A goliath frog (Swamp:3)
  A wizard (D:15)
  An orb spider (Spider:4)
  A rime drake (Swamp:4)
  A hellion (Depths:1)
  A redback (Spider:4)
  An orc wizard (Orc:2)
  An orc (Orc:2)
  5 ball lightnings
  8 bushes
  6 foxfires (Swamp:2)
  65 fungi
  A lurking horror (Abyss:3)
  66 plants
  5 starspawn tentacles (Abyss:3)
165 creatures vanquished.

Grand Total: 2490 creatures vanquished

Notes
Turn   | Place    | Note
-------+----------+-------------------------------------------
     0 | D:1      | SnakkuSnakku7 the Vampire Hunter began the quest for the
                  | Orb.
     0 | D:1      | Reached XP level 1. HP: 16/16 MP: 1/1
   181 | D:1      | Found a faded altar of an unknown god.
   359 | D:1      | Reached XP level 2. HP: 13/22 MP: 2/2
  1241 | D:2      | Gained mutation: You are afflicted with vampirism and can
                  | become a bat while bloodless. [Vampire growth]
  1241 | D:2      | Reached XP level 3. HP: 24/27 MP: 3/3
  1742 | D:3      | Found a shimmering altar of Xom.
  1747 | D:3      | Noticed a bullfrog
  1779 | D:3      | Killed a bullfrog
  1780 | D:3      | Reached skill level 5 in Crossbows
  1780 | D:3      | Reached XP level 4. HP: 22/33 MP: 4/4
  1958 | D:3      | Reached XP level 5. HP: 8/38 MP: 5/5
  2500 | D:4      | Found a bloodstained altar of Trog.
  2511 | D:4      | Noticed a necrophage
  2526 | D:4      | Killed a necrophage
  2549 | D:4      | Reached XP level 6. HP: 44/44 MP: 6/6
  2552 | D:4      | Noticed an orc warrior
  2726 | D:3      | Killed an orc warrior
  3513 | D:4      | Reached XP level 7. HP: 43/49 MP: 7/7
  3752 | D:5      | Entered Level 5 of the Dungeon
  4414 | D:5      | Reached skill level 1 in Bows
  4977 | D:5      | Reached XP level 8. HP: 45/55 MP: 8/8
  5622 | D:5      | Reached skill level 5 in Bows
  5943 | D:6      | Noticed Duvessa
  5943 | D:6      | Noticed Dowan
  5949 | D:6      | Killed Dowan
  5951 | D:6      | Killed Duvessa
  6237 | D:7      | Found a staircase to the Ecumenical Temple.
  6335 | Temple   | Entered the Ecumenical Temple
  6472 | Temple   | Became a worshipper of Qazlal Stormbringer
  6587 | D:6      | Identified a scroll of acquirement
  6587 | D:6      | Acquired 798 gold pieces
  6969 | D:6      | Reached XP level 9. HP: 52/61 MP: 9/9
  7672 | D:6      | Reached * piety under Qazlal
  8338 | D:7      | Got the Tome of Arcane Weapons
  8348 | D:7      | Found a runed translucent door.
  8349 | D:7      | Noticed freelancePsychic's ghost (novice BaCK)
  9004 | D:8      | Reached skill level 10 in Bows
  9133 | D:8      | Found Saiseng's General Store.
  9140 | D:8      | Found Qecotz's Specific Store.
  9150 | D:8      | Bought a scroll of identify for 30 gold pieces
  9150 | D:8      | Bought a potion of heal wounds for 75 gold pieces
  9150 | D:8      | Bought the +5 scale mail of Dim Light {rPois Will+} for 687
                  | gold pieces
  9205 | D:8      | Found a staircase to the Lair.
  9224 | D:8      | Reached XP level 10. HP: 67/67 MP: 10/10
  9638 | D:8      | Reached ** piety under Qazlal
 10171 | D:9      | Found a runed translucent gate.
 10171 | D:9      | Found a runed translucent gate.
 10171 | D:9      | Noticed Prince Ribbit
 10172 | D:9      | Found a runed translucent gate.
 10173 | D:9      | Noticed Sabo's ghost (novice HuBe)
 10369 | D:9      | Found a flagged portal.
 10428 | D:9      | Noticed Erolcha
 10438 | D:9      | Killed Erolcha
 10465 | Bailey   | Entered a bailey
 10618 | Bailey   | Noticed an orc knight
 10643 | Bailey   | Noticed an orc knight
 10920 | Bailey   | Killed an orc knight
 10946 | Bailey   | Killed an orc knight
 10989 | Bailey   | Identified the +8 morningstar "Timiut" {flame, rCorr Str+3
                  | Dex-3}
 11003 | Bailey   | Identified the -7 pair of boots of the Abyss {rPois rF++
                  | Int-4 Slay+2}
 11020 | Bailey   | Noticed an orc knight
 11047 | Bailey   | Killed an orc knight
 11313 | D:9      | Reached XP level 11. HP: 60/72 MP: 11/11
 11431 | D:8      | Noticed a centaur warrior
 11435 | D:8      | Noticed a deep elf pyromancer
 11447 | D:9      | Killed a centaur warrior
 11517 | D:9      | Killed Prince Ribbit
 11791 | D:9      | Reached *** piety under Qazlal
 12038 | D:9      | Found a viscous altar of Jiyva.
 12164 | D:10     | Entered Level 10 of the Dungeon
 12572 | D:10     | Found an ancient bone altar of Kikubaaqudgha.
 12574 | D:10     | Found Arufok's Gadget Gallery.
 12680 | D:10     | Found a sparkling altar of Nemelex Xobeh.
 12693 | D:10     | Found an ornate altar of the Wu Jian Council.
 12694 | D:10     | Found a blossoming altar of Fedhas.
 12694 | D:10     | Found a shadowy altar of Dithmenos.
 12695 | D:10     | Found a hazy altar of Hepliaklqana.
 12698 | D:10     | Found a hide-covered altar of Uskayaw.
 12699 | D:10     | Found an iron altar of Okawaru.
 12798 | D:10     | Noticed a two-headed ogre
 12816 | D:10     | Killed a two-headed ogre
 13359 | Lair:1   | Entered Level 1 of the Lair of Beasts
 13617 | Lair:1   | Identified the +6 arbalest of Fotimijo {freeze, rPois rC++
                  | Str-4 SInv}
 14843 | Lair:2   | Found a staircase to the Swamp.
 14938 | Lair:2   | Reached XP level 12. HP: 58/78 MP: 12/12
 14940 | Lair:2   | Noticed a catoblepas
 14960 | Lair:2   | Killed a catoblepas
 15125 | Lair:2   | Reached **** piety under Qazlal
 15718 | Lair:3   | Noticed a seven-headed hydra
 15786 | Lair:3   | Found a gate leading to a gauntlet.
 15795 | Gauntlet | Entered a Gauntlet
 15795 | Gauntlet | Found a transporter.
 15795 | Gauntlet | Found a transporter.
 15797 | Gauntlet | Found a transporter.
 15799 | Gauntlet | Found a transporter.
 15815 | Gauntlet | Found a transporter.
 15816 | Gauntlet | Found a transporter.
 15826 | Gauntlet | Found a transporter.
 15830 | Gauntlet | Found a transporter.
 15830 | Gauntlet | Found a transporter.
 15854 | Gauntlet | Found a transporter.
 15864 | Gauntlet | Found a transporter.
 15868 | Gauntlet | Found a transporter.
 15910 | Gauntlet | Reached skill level 1 in Invocations
 16021 | Gauntlet | Identified the +0 helmet "Rutworas" {Int+6}
 16139 | Gauntlet | Identified the ring "Qeugus" {Fly rElec Str-5 Int+9 Dex-2}
 16318 | Gauntlet | Identified the +6 glaive "Wiufen" {venom, rPois Int+3}
 16318 | Gauntlet | Noticed a minotaur
 16344 | Gauntlet | Killed a minotaur
 16365 | Gauntlet | Got the Reference Book on Freezing Flames
 16532 | Lair:3   | Noticed a death yak
 16552 | Lair:3   | Killed a death yak
 16553 | Lair:3   | Reached skill level 5 in Invocations
 16627 | Lair:3   | Identified the +1 cloak "Piol" {Will+}
 16817 | Lair:3   | Noticed a four-headed hydra
 16859 | Lair:3   | Killed a four-headed hydra
 16860 | Lair:3   | Reached skill level 15 in Bows
 16908 | Lair:3   | Killed a seven-headed hydra
 17084 | Lair:3   | Found a hole to the Spider Nest.
 17904 | Lair:4   | Reached ***** piety under Qazlal
 17905 | Lair:4   | Reached XP level 13. HP: 52/83 MP: 16/16
 19945 | Lair:6   | Entered Level 6 of the Lair of Beasts
 20649 | Lair:6   | Reached skill level 5 in Fighting
 21197 | Lair:5   | Reached XP level 14. HP: 78/101 MP: 17/17
 21555 | Lair:6   | Acquired a +1 crystal plate armour
 21642 | Lair:6   | Found a staircase to the Slime Pits.
 22673 | Lair:6   | Found a burning altar of Makhleb.
 22680 | Lair:6   | Found a gateway to Hell.
 23211 | D:7      | Killed freelancePsychic's ghost
 23350 | D:8      | Killed Sabo's ghost
 23738 | D:11     | Noticed Josephine
 23766 | D:11     | Reached ****** piety under Qazlal
 23767 | D:11     | Killed Josephine
 23768 | D:11     | Reached skill level 10 in Fighting
 23774 | D:11     | Reached skill level 1 in Armour
 24315 | D:12     | Found a staircase to the Orcish Mines.
 25028 | D:12     | Found a portal to a secret trove of treasure.
 25492 | Orc:1    | Entered Level 1 of the Orcish Mines
 25511 | Orc:1    | Noticed an orc warlord
 25527 | Orc:1    | Killed an orc warlord
 25542 | Orc:1    | Reached skill level 5 in Armour
 26043 | Orc:2    | Entered Level 2 of the Orcish Mines
 26045 | Orc:2    | Found a bloodstained altar of Trog.
 26048 | Orc:2    | Found a runed translucent door.
 26048 | Orc:2    | Noticed jujuben's ghost (journeyman HOGl)
 26518 | Orc:2    | Found a staircase to the Elven Halls.
 26853 | Orc:2    | Reached XP level 15. HP: 74/115 MP: 18/18
 26955 | Orc:2    | Found Guadeg's Antique Weapon Shop.
 26955 | Orc:2    | Found Hiucrydgh's Weapon Shoppe.
 26958 | Orc:2    | Found Axasee's General Store.
 26958 | Orc:2    | Found Jiel's Weapon Shop.
 26993 | Orc:2    | Bought a potion of curing for 42 gold pieces
 26993 | Orc:2    | Bought a potion of mutation for 112 gold pieces
 27322 | Orc:1    | Noticed Sonja
 27325 | Orc:1    | Killed Sonja
 27325 | Orc:1    | Noticed Jorgrun
 27350 | Orc:1    | Killed Jorgrun
 27822 | D:13     | Noticed Rupert
 27834 | D:13     | Killed Rupert
 28157 | D:13     | Found a gate to the Vaults.
 28537 | D:13     | Reached skill level 10 in Armour
 30027 | D:14     | Gained mutation: You are dopey. (Int -2) [a neqoxec]
 30169 | D:14     | Noticed Frances
 30203 | D:14     | Killed Frances
 30895 | D:15     | Entered Level 15 of the Dungeon
 30921 | D:15     | Reached XP level 16. HP: 122/122 MP: 19/19
 31009 | D:15     | Noticed Azrael
 31066 | D:15     | Killed Azrael
 32154 | D:15     | Found a basalt altar of Yredelemnul.
 32408 | D:15     | Found a staircase to the Depths.
 33226 | Spider:1 | Entered Level 1 of the Spider Nest
 33603 | Spider:1 | Noticed Aizul
 33623 | Lair:3   | Killed Aizul
 33982 | Spider:1 | Found a runed translucent door.
 33983 | Spider:1 | Noticed Rallik's ghost (adept DjCj)
 34478 | Spider:1 | You fall into a shaft and drop 1 floor!
 36246 | Spider:3 | Noticed Agnes
 36686 | Spider:3 | Killed Agnes
 36687 | Spider:3 | Reached XP level 17. HP: 83/128 MP: 20/20
 37573 | Spider:3 | Noticed Arachne
 38084 | Spider:2 | Killed Arachne
 39097 | Spider:4 | Entered Level 4 of the Spider Nest
 40651 | Spider:4 | Paralysed by a hornet for 3 turns
 40669 | Spider:2 | HP: 6/128 [poisoned by a wolf spider]
 41327 | Spider:3 | Reached skill level 5 in Dodging
 44065 | Spider:4 | Identified the +6 trident of the Nexus {protect, rC+ rN+}
 44181 | Spider:4 | Got a gossamer rune of Zot
 44829 | Orc:2    | Killed jujuben's ghost
 44953 | Orc:2    | Identified the +7 long sword of Ylaitya {spect, Will-
                  | Int+4}
 44954 | Orc:2    | Identified the ring "Irilitao" {rCorr Int-4 Dex+2 SInv}
 45035 | Vaults:1 | Entered Level 1 of the Vaults
 45141 | Orc:2    | Bought 29 arrows for 81 gold pieces
 45142 | Orc:2    | Bought 10 arrows for 32 gold pieces
 45142 | Orc:2    | Bought 11 arrows for 35 gold pieces
 45406 | Vaults:1 | Reached XP level 18. HP: 126/134 MP: 25/25
 45889 | Vaults:1 | Reached skill level 10 in Dodging
 45903 | Vaults:1 | Reached skill level 10 in Invocations
 47437 | Vaults:2 | Found a huge runed gate.
 47437 | Vaults:2 | Found a huge runed gate.
 47437 | Vaults:2 | Found a huge runed gate.
 47437 | Vaults:2 | Found a huge runed gate.
 47437 | Vaults:2 | Found a huge runed gate.
 47438 | Vaults:2 | Found a huge runed gate.
 47438 | Vaults:2 | Found a huge runed gate.
 47438 | Vaults:2 | Found a huge runed gate.
 47438 | Vaults:2 | Found a huge runed gate.
 47438 | Vaults:2 | Found a huge runed gate.
 47439 | Vaults:2 | Found a huge runed gate.
 47439 | Vaults:2 | Found a huge runed gate.
 47448 | Vaults:2 | Found a huge runed gate.
 47449 | Vaults:2 | Found a huge runed gate.
 47450 | Vaults:2 | Found a huge runed gate.
 47451 | Vaults:2 | Found a huge runed gate.
 47459 | Vaults:2 | Found a huge runed gate.
 47459 | Vaults:2 | Found a huge runed gate.
 47459 | Vaults:2 | Found a huge runed gate.
 47459 | Vaults:2 | Found a huge runed gate.
 47459 | Vaults:2 | Found a huge runed gate.
 47459 | Vaults:2 | Found a huge runed gate.
 47460 | Vaults:2 | Found a huge runed gate.
 49148 | Vaults:2 | Paralysed by a sphinx for 3 turns
 49230 | Vaults:2 | Found a huge runed gate.
 49231 | Vaults:2 | Found a huge runed gate.
 49239 | Vaults:2 | Found a huge runed gate.
 49239 | Vaults:2 | Found a huge runed gate.
 49239 | Vaults:2 | Found a huge runed gate.
 49239 | Vaults:2 | Found a huge runed gate.
 49239 | Vaults:2 | Found a huge runed gate.
 49239 | Vaults:2 | Found a huge runed gate.
 49300 | Vaults:2 | Reached XP level 19. HP: 119/147 MP: 28/28
 49402 | Vaults:2 | Found a huge runed gate.
 49403 | Vaults:2 | Found a huge runed gate.
 49404 | Vaults:2 | Found a huge runed gate.
 49413 | Vaults:2 | Found a huge runed gate.
 49413 | Vaults:2 | Found a huge runed gate.
 49806 | Vaults:2 | Acquired a +2 pair of boots of flying
 50440 | Vaults:3 | Found a staircase to the Crypt.
 50440 | Vaults:3 | Noticed Jory
 52109 | Vaults:3 | Killed Jory
 52715 | Vaults:3 | Found a transporter.
 53096 | Vaults:3 | Reached skill level 15 in Fighting
 54326 | Vaults:4 | Reached XP level 20. HP: 146/164 MP: 20/29
 54391 | Vaults:4 | Identified the +8 spear of Joaxzier {spect, rElec Will+
                  | MP+9 SInv}
 55814 | Vaults:4 | Found Sasun's Antique Weapon Shop.
 56005 | Vaults:3 | Found a transporter.
 56131 | Vaults:2 | Noticed agentgt's ghost (veteran KoAK)
 56131 | Vaults:2 | Noticed agentgt's ghost (veteran KoAK)
 56131 | Vaults:2 | Noticed Cuserhuc's ghost (adept DjAE)
 56131 | Vaults:2 | Noticed AgonHex's ghost (veteran HOFi)
 56131 | Vaults:2 | Noticed Switch's ghost (veteran DDFi)
 56131 | Vaults:2 | Noticed Dacon's ghost (adept MiGl)
 56131 | Vaults:2 | Noticed SpeedRobin's ghost (adept DDFi)
 56131 | Vaults:2 | Noticed a golden dragon
 56131 | Vaults:2 | Identified the +9 scythe "Deskudext" {freeze, rF+ rCorr
                  | Dex+2}
 56131 | Vaults:2 | Identified the +11 triple crossbow of the Shore {venom,
                  | rPois rCorr}
 56131 | Vaults:2 | a golden dragon changed into a shadow dragon
 56365 | Vaults:1 | Killed Dacon's ghost
 56867 | Elf:1    | Entered Level 1 of the Elven Halls
 56975 | Elf:1    | Acquired 723 gold pieces
 57023 | Elf:1    | Noticed Nikola
 57039 | Elf:1    | Killed Nikola
 57800 | Elf:1    | Found Dokkat's Book Shoppe.
 58032 | Elf:1    | Noticed Louise
 58045 | Elf:1    | Killed Louise
 58724 | Elf:2    | Found Nifaciz's Antique Weapon Emporium.
 58787 | Elf:2    | Found Itikut's Armour Shoppe.
 59473 | Elf:2    | Found a runed translucent gate.
 59475 | Elf:2    | Found a runed translucent gate.
 59480 | Elf:2    | Found a runed translucent gate.
 59954 | Elf:3    | Entered Level 3 of the Elven Halls
 61581 | Elf:2    | Reached XP level 21. HP: 172/174 MP: 30/30
 61707 | Elf:3    | Noticed Asterion
 62217 | Elf:3    | Found a shimmering blue altar of Sif Muna.
 62571 | Elf:3    | Killed Asterion
 63101 | Elf:3    | Identified the +1 scimitar of Plague {vorpal, Fragile rC++
                  | Str+5}
 63101 | Elf:3    | Identified the ring "Fionko" {rN+ Will+}
 65140 | Elf:3    | Identified the ring "Wegublir" {rF+ rCorr Str+6 SInv
                  | Stlth+}
 65417 | Elf:3    | Identified the +8 trident "Dothruora" {venom, *Slow rElec
                  | rPois Will+++}
 65835 | Elf:3    | Got Uge Okku's Catalogue of Darkness
 65838 | Elf:3    | Identified the +0 pair of gloves of the Lonely Runes
                  | {Contam Fly rF+ Slay+2}
 65881 | Elf:3    | Identified the +4 pair of gloves of the Baker {Contam Fly
                  | Stlth+}
 66299 | Vaults:2 | Killed Cuserhuc's ghost
 66554 | Vaults:2 | Identified the +0 pair of gloves "Virayz" {rPois rF+
                  | Regen+}
 66636 | Vaults:2 | Killed agentgt's ghost
 66734 | Vaults:2 | Killed agentgt's ghost
 66775 | Vaults:2 | Killed SpeedRobin's ghost
 67343 | Crypt:1  | Entered Level 1 of the Crypt
 68170 | Crypt:1  | You are sucked into a shaft and drop 1 floor!
 68343 | Crypt:2  | Reached XP level 22. HP: 157/190 MP: 31/31
 68422 | Crypt:2  | Noticed Boris
 68443 | Crypt:2  | Killed Boris
 69840 | Crypt:3  | Entered Level 3 of the Crypt
 70233 | Crypt:3  | Noticed Xtahua
 70248 | Crypt:3  | Killed Xtahua
 70261 | Crypt:3  | Noticed a dread lich
 70270 | Crypt:3  | Killed a dread lich
 70784 | Crypt:3  | Found a staircase to the Tomb.
 70943 | Crypt:3  | Reached skill level 15 in Armour
 71119 | Crypt:3  | Learned a level 3 spell: Portal Projectile
 71172 | Crypt:3  | Reached skill level 1 in Hexes
 71440 | Crypt:3  | Reached skill level 5 in Hexes
 72014 | Crypt:3  | Got the Handbook of Stolen Souls
 72016 | Crypt:3  | Got the Tome of Earth
 72029 | Crypt:3  | Acquired 1317 gold pieces
 72396 | Elf:1    | Bought a manual of Bows for 1440 gold pieces
 72589 | Depths:1 | Entered Level 1 of the Depths
 72775 | Depths:1 | Found a gateway to a ziggurat.
 73293 | Depths:1 | Found a sparkling altar of Nemelex Xobeh.
 73357 | Depths:1 | Found a one-way gate leading to the halls of Pandemonium.
 73516 | Depths:1 | Found Pipel's Antique Weapon Boutique.
 73783 | Depths:2 | Reached skill level 10 in Hexes
 74326 | Depths:1 | Reached XP level 23. HP: 85/196 MP: 25/32
 74620 | Depths:1 | Reached skill level 1 in Translocations
 75235 | Depths:2 | Cast into level 3 of the Abyss (war gargoyle)
 75299 | Abyss:3  | Reached skill level 5 in Translocations
 75508 | Depths:2 | Escaped the Abyss
 76240 | Depths:2 | Found a one-way gate to the infinite horrors of the Abyss.
 76883 | Depths:2 | Identified the ring "Tykarur" {rPois Will+}
 78721 | Depths:4 | Noticed Margery
 78727 | Depths:4 | Killed Margery
 78728 | Depths:4 | Reached XP level 24. HP: 212/212 MP: 32/32
 79686 | Depths:5 | Entered Level 5 of the Depths
 80594 | Depths:5 | Found a gate to the Realm of Zot.
 81242 | Swamp:1  | Entered Level 1 of the Swamp
 82076 | Swamp:2  | Found a runed translucent door.
 82083 | Swamp:2  | Noticed Suryr's ghost (adept GnWz)
 82573 | Swamp:2  | Killed Suryr's ghost
 83196 | Swamp:4  | Entered Level 4 of the Swamp
 83605 | Swamp:4  | Found the +0 pair of fencer's gloves {Riposte Dex+3}
 83656 | Swamp:4  | Found the +3 salamander hide armour {Flames rF++ rC--}
 83736 | Swamp:4  | Got a decaying rune of Zot
 84239 | Vaults:1 | Killed Switch's ghost
 84454 | Vaults:2 | Killed AgonHex's ghost
 84455 | Vaults:2 | Reached XP level 25. HP: 61/223 MP: 4/32
 84765 | Vaults:3 | Found a bloodstained altar of Trog.
 84766 | Vaults:3 | Found the +8 Wrath of Trog {antimagic, *Rage Rampage}
 84835 | Vaults:3 | Found a runed translucent door.
 85024 | Vaults:3 | Identified the +7 battleaxe of the Vulture {venom, rPois
                  | rN++ Str-5 Dex+8}
 85038 | Vaults:3 | Identified the +15 plate armour of Poor Excuses {Int+2
                  | Dex+3}
 85362 | Vaults:5 | Entered Level 5 of the Vaults
 86064 | Vaults:5 | Noticed Sojobo
 86077 | Vaults:5 | Killed Sojobo
 86473 | Vaults:5 | Noticed a dread lich
 86518 | Vaults:5 | Killed a dread lich
 86534 | Vaults:5 | Noticed a dread lich
 86734 | Vaults:5 | Got a silver rune of Zot
 86815 | Vaults:5 | Noticed a dread lich
 86821 | Vaults:5 | Identified the +7 scythe of Pestilence {vorpal, SInv}
 86827 | Vaults:5 | Killed a dread lich
 86989 | Vaults:5 | Identified the ring of Onomysotz {Str+3 SInv}
 87104 | Vaults:5 | Killed a dread lich
 87105 | Vaults:5 | Reached XP level 26. HP: 225/230 MP: 32/32
 87418 | Vaults:5 | Got the Handbook of Plasticity
 88253 | Zot:1    | Entered Level 1 of the Realm of Zot
 88990 | Zot:1    | Noticed an orb of fire
 89000 | Zot:1    | Gained mutation: Your spells are a little easier to cast,
                  | but a little less powerful. [an orb of fire]
 89025 | Zot:1    | Gained mutation: You tend to lose your temper in combat.
                  | [an orb of fire]
 89026 | Zot:1    | Killed an orb of fire
 89161 | Zot:1    | Reached skill level 15 in Invocations
 89344 | Zot:1    | Noticed an ancient lich
 89361 | Zot:1    | Killed an ancient lich
 89522 | Zot:1    | Found the amulet of the Four Winds {rN+ Will+++ Clar}
 90516 | Zot:2    | Identified the ring "Poast" {Fly Will+ Dex+4}
 91877 | Zot:3    | HP: 7/230 [red draconian scorcher/damnation (43)]
 92387 | Zot:3    | Reached XP level 27. HP: 209/237 MP: 35/35
 94384 | Zot:4    | Acquired 717 gold pieces
 94464 | Zot:4    | Identified the +7 scale mail of the Pits of Slime {rPois
                  | rF+ Dex-3}
 94471 | Zot:4    | Identified the amulet "Riyqiof" {Acrobat rPois Int+4 Dex-4}
 94494 | Zot:4    | Identified the +10 war axe "Hioti" {freeze, Drain rN+
                  | Will+}
 94582 | Zot:4    | Identified the ring "Baikagan" {Fire Will+ Str-3 Int+6}
 94909 | Zot:5    | Entered Level 5 of the Realm of Zot
 95234 | Zot:5    | Noticed an ancient lich
 95244 | Zot:5    | Killed an ancient lich
 95314 | Zot:5    | Noticed an orb of fire
 95317 | Zot:5    | Gained mutation: Your body sometimes deteriorates upon
                  | taking damage. [an orb of fire]
 95325 | Zot:5    | Gained mutation: You often lose your temper in combat. [an
                  | orb of fire]
 95325 | Zot:5    | Gained mutation: You sometimes lose the ability to read
                  | scrolls when taking damage. [an orb of fire]
 95327 | Zot:5    | Killed an orb of fire
 95360 | Zot:5    | Noticed an orb of fire
 95370 | Zot:5    | Gained mutation: You are occasionally teleported next to
                  | monsters. [an orb of fire]
 95374 | Zot:5    | Killed an orb of fire
 95375 | Zot:5    | Lost mutation: You often lose your temper in combat.
                  | [potion of mutation]
 95375 | Zot:5    | Lost mutation: You are dopey. (Int -2) [potion of mutation]
 95375 | Zot:5    | Gained mutation: You passively dampen the noise of your
                  | surroundings. [potion of mutation]
 95376 | Zot:5    | Lost mutation: You tend to lose your temper in combat.
                  | [potion of mutation]
 95376 | Zot:5    | Lost mutation: Your body sometimes deteriorates upon taking
                  | damage. [potion of mutation]
 95376 | Zot:5    | Gained mutation: Your flesh is heat resistant. (rF+)
                  | [potion of mutation]
 95376 | Zot:5    | Gained mutation: You are agile. (Dex +2) [potion of
                  | mutation]
 95377 | Zot:5    | Lost mutation: You sometimes lose the ability to read
                  | scrolls when taking damage. [potion of mutation]
 95377 | Zot:5    | Lost mutation: Your flesh is heat resistant. (rF+) [potion
                  | of mutation]
 95377 | Zot:5    | Gained mutation: Your flesh is cold resistant. (rC+)
                  | [potion of mutation]
 95378 | Zot:5    | Lost mutation: You are agile. (Dex +2) [potion of mutation]
 95378 | Zot:5    | Lost mutation: You passively dampen the noise of your
                  | surroundings. [potion of mutation]
 95378 | Zot:5    | Lost mutation: Your flesh is cold resistant. (rC+) [potion
                  | of mutation]
 95378 | Zot:5    | Gained mutation: You possess an exceptional clarity of
                  | mind. [potion of mutation]
 95378 | Zot:5    | Gained mutation: You have a pair of small horns on your
                  | head. [potion of mutation]
 95379 | Zot:5    | Lost mutation: You possess an exceptional clarity of mind.
                  | [potion of mutation]
 95379 | Zot:5    | Lost mutation: Your spells are a little easier to cast, but
                  | a little less powerful. [potion of mutation]
 95379 | Zot:5    | Gained mutation: Your magical capacity is low. (-10% MP)
                  | [potion of mutation]
 95379 | Zot:5    | Gained mutation: You are robust. (+10% HP) [potion of
                  | mutation]
 95379 | Zot:5    | Gained mutation: You have a somewhat thin skeletal
                  | structure. (Dex +2, Stealth+) [potion of mutation]
 95380 | Zot:5    | Lost mutation: You have a somewhat thin skeletal structure.
                  | (Dex +2, Stealth+) [potion of mutation]
 95380 | Zot:5    | Lost mutation: Your magical capacity is low. (-10% MP)
                  | [potion of mutation]
 95380 | Zot:5    | Lost mutation: You are occasionally teleported next to
                  | monsters. [potion of mutation]
 95380 | Zot:5    | Gained mutation: Your body sometimes deteriorates upon
                  | taking damage. [potion of mutation]
 95380 | Zot:5    | Gained mutation: Your spells are a little harder to cast,
                  | but a little more powerful. [potion of mutation]
 95380 | Zot:5    | Lost mutation: You have a pair of small horns on your head.
                  | [potion of mutation]
 95680 | Zot:5    | Noticed an ancient lich
 95690 | Zot:5    | Killed an ancient lich
 95770 | Zot:5    | Gained mutation: You sometimes lose the ability to read
                  | scrolls when taking damage. [mutagenic glow]
 95780 | Zot:5    | Gained mutation: You possess an exceptional clarity of
                  | mind. [mutagenic glow]
 95788 | Zot:5    | Lost mutation: You are robust. (+10% HP) [mutagenic glow]
 96192 | Zot:5    | Noticed an ancient lich
 96214 | Zot:5    | Killed an ancient lich
 96364 | Zot:5    | Noticed an orb of fire
 96372 | Zot:5    | Killed an orb of fire
 96556 | Zot:5    | Noticed an orb of fire
 96571 | Zot:5    | Gained mutation: You occasionally shout uncontrollably at
                  | your foes. [an orb of fire]
 96581 | Zot:5    | Killed an orb of fire
 96606 | Zot:5    | Noticed an orb of fire
 96630 | Zot:5    | Killed an orb of fire
 96745 | Zot:5    | Got the Orb of Zot
 96994 | Depths:1 | Noticed Dyess the pandemonium lord
 97160 | D:10     | Noticed Wyosecu the pandemonium lord
 97182 | D:10     | Killed from afar by a Brimstone Fiend

Illustrated notes

Levels and vault maps discovered:
D:1:      giann_bridges, layout_basic, shapermc_ecumenical_altar_totnotflames,
          chequers_serial_rivers_marsh, st_stairs_3, minivault_4
D:2:      layout_loops_ring
D:3:      layout_rooms, mainiacjoe_overflow_small_starburst
D:4:      layout_basic, trog_butcher_becter
D:5:      layout_basic
D:6:      minmay_bubble_buster, layout_loops_ring, st_stairs_3,
          serial_bayou_pond_a, uniq_duvessa
D:7:      layout_cave_pools, minmay_temple_entry_trees, gammafunk_ghost_grave
D:8:      minmay_klotski, layout_loops_ring, due_lair_maze_entry_diamond,
          nicolae_specific_store
D:9:      layout_grid_maze, enter_bailey_4, gammafunk_ghost_ooze, centaur_isle,
          uniq_erolcha, uniq_prince_ribbit1
D:10:     layout_long_grid, minitemple, nicolae_elyvilon_temple_path,
          nicolae_shop_gadgets
D:11:     layout_roguey, uniq_josephine
D:12:     layout_loops_ring, orc_0_dummy, enter_trove_3
D:13:     hangedman_cross_veins, layout_basic, david_vaults_3
D:14:     layout_basic, minivault_4, uniq_frances
D:15:     grunt_enter_depths_magical_seal, layout_basic, lemuel_round_altar,
          uniq_azrael
Temple:   grunt_temple_mini_profane
Lair:1:   layout_cave_pods, hangedman_lair_unloving_vines, lemuel_fruit_tree,
          grunt_megastairs_5, lemuel_fruit_fields
Lair:2:   layout_cave_shapes, swamp_mist, beast_lair_carwin_9,
          serial_bayou_shore_a
Lair:3:   layout_roguey, spider_nest_entry_a, portal_ice_cave_entry_pillars_1,
          gauntlet_entry_generic, hangedman_lair_generics_rect
Lair:4:   layout_big_grid, infiniplex_staircase_pool
Lair:5:   layout_gridlike
Lair:6:   evil_forest, layout_cave_pods, slime_dummy, minmay_hedge_maze,
          grunt_megastairs_2
Swamp:1:  layout_basic_swamp, evilmike_swamp_ruin_house_4
Swamp:2:  layout_falls_marsh, ebering_ghost_inner_flame, hangedman_swamp_lotus,
          nicolae_swamp_dense_foliage
Swamp:3:  layout_basic_swamp, serial_swamp_ruin, evilmike_swamp_ruin_house_1,
          evilmike_swamp_ruin_house_6
Swamp:4:  swamp_alternative, layout_basic_swamp, swamp_pool4,
          cheibrodos_swamp_pet_leeches
Spider:1: layout_chambers, ebering_ghost_reflecting_pool,
          nicolae_spider_checkerboard, uniq_aizul
Spider:2: layout_spider_delve, spiders_nest_spider_trap
Spider:3: layout_spider_delve, uniq_arachne, uniq_agnes
Spider:4: grunt_spider_rune_island, hangedman_spider_tarantella_strand
Orc:1:    layout_caves, special_room [special_room_orc], uniq_sonja,
          uniq_jorgrun
Orc:2:    grunt_orc_tribal_feast, layout_diamond_mine, gammafunk_ghost_grave,
          basic_altar
Elf:1:    layout_gridlike, serial_shops, shop, minmay_elf_sorcery, uniq_nikola,
          uniq_louise
Elf:2:    nicolae_elf_blades_splatter_lattice
          [nicolae_vaults_blade_armed_guards], layout_geoelf_grid,
          minmay_shoptagon
Elf:3:    elf_hall, layout_geoelf_octagon, guppyfry_elf_altar, uniq_asterion
Vaults:1: vaults_dpeg_encased_lava, vaults_room_corners, ontoclasm_vaults_spin,
          vaults_mumra_minichess_inversion, nicolae_vaults_shelves_hall,
          nicolae_vaults_asterisk, ontoclasm_vaults_twist,
          layout_vaults_omnigrid
Vaults:2: gammafunk_vaults_ghost_door_vault, v_misc_24, vaults_mumra_minichess,
          nicolae_vaults_twisting_passages, grunt_vaults_hallway_short,
          ontoclasm_vaults_ligature, ontoclasm_vaults_eye, nicolae_vaults_theta,
          nicolae_vaults_theta, vaults_room_grid, ontoclasm_vaults_shuriken,
          nicolae_vaults_little_squares_3, ontoclasm_vaults_chip,
          layout_vaults_omnicross
Vaults:3: emtedronai_trogs_sanctum, v_rooms_4,
          nicolae_vaults_network_quinsquares
          [nicolae_vaults_network_quincunx_subvault,
          nicolae_vaults_network_quincunx_subvault,
          nicolae_vaults_network_quincunx_subvault,
          nicolae_vaults_network_quincunx_subvault],
          minmay_crypt_entry_simple_sparse, vaults_room_grid, vaults_dpeg_cross,
          vaults_mumra_hex, ontoclasm_vaults_gateway, grunt_vaults_focal,
          vaults_dpeg_diagonal, vaults_dpeg_hooks, layout_vaults_big_room,
          uniq_jory
Vaults:4: nicolae_vaults_mini_display_case, v_misc_10,
          ontoclasm_vaults_loading_screen, v_rooms_1,
          nicolae_vaults_shelves_hall, vaults_room_pools, nicolae_vaults_arrows,
          ontoclasm_vaults_idyll, v_misc_24, v_pattern_1,
          nicolae_vaults_diagonal_hallway_7, vaults_mumra_hexcomb,
          ontoclasm_vaults_misaligned, nicolae_vaults_meeting,
          layout_vaults_maze_snakey, serial_shops, shop
Vaults:5: uniq_sojobo
Crypt:1:  layout_chaotic_city, grunt_ministairs_15, minmay_misc_feat_pillars,
          grunt_crypt_arrival_webbed
Crypt:2:  layout_rooms, st_stairs_6, minivault_5, serial_sigils_hangedman_etch,
          weyrava_ghost_lake, uniq_boris
Crypt:3:  due_elkab, layout_chaotic_city, nicolae_tomb_entry_rubble_hallway,
          uniq_xtahua
Depths:1: layout_gridlike, enter_ziggurat_a, rand_demon_pan_entry_5, hell_entry,
          abandoned_shop, serial_shops, kennysheep_mini_moat, kennysheep_donut,
          nemelex_spade_bored_becter
Depths:2: hangedman_crystal_crosses_colossus [crystal_crosses_arms_four,
          crystal_crosses_arms_four, crystal_crosses_arms_two,
          crystal_crosses_arms_one], abyss_entry, hell_entry
Depths:3: minmay_inside_and_out, layout_gridlike, pf_coc_iceberg, pan_entry,
          minmay_misc_feat_four_crosses, kennysheep_cross_room
Depths:4: minmay_octagon_keep, layout_cave_pools, grunt_metal_band,
          marbit_kobold_abyss_entry, lemuel_nasty_fountain,
          infiniplex_staircase_pillars_2
Depths:5: grunt_zot_entry_gee_three, layout_honeycomb, hell_entry, abyss_entry,
          hangedman_abyss_or_decor_jellyfish_corner
Zot:1:    layout_onion, nzn_random_ring
Zot:2:    kennysheep_oblong_rooms, layout_cathedral_of_symmetry,
          skrybe_zot_glass_2
Zot:3:    layout_cathedral_of_symmetry, grunt_megastairs_3
Zot:4:    ebering_greatest_show_in_zot, layout_misc_corridors,
          st_large_dragon_hoard_2
Zot:5:    layout_twisted_circle

Skill      XL: |  1  2  3  4  5  6  7  8  9 10 11 12 13 14 15 16 17 18 19 20 21 22 23 24 25 26 27 |
---------------+----------------------------------------------------------------------------------+-----
Crossbows      | 4 5 6 7 |  7.5
Bows           | 3 7 10 12 14 15 17 18 19 20 21 23 | 23.8
Invocations    | 5 9 12 17 23 | 23.5
Fighting       | 6 10 12 16 19 20 22 23 | 23.7
Armour         | 6 10 12 15 | 15.2
Dodging        | 8 10 | 10.0
Hexes          | 11 12 | 12.0
Translocations | 8 |  8.0
Stealth        | |  1.5

Action                   |  1- 3 |  4- 6 |  7- 9 | 10-12 | 13-15 | 16-18 | 19-21 | 22-24 | 25-27 || total
-------------------------+-------+-------+-------+-------+-------+-------+-------+-------+-------++-------
Melee: Short sword       |   147 |    21 |       |       |       |       |       |       |       ||   168
       Bite              |    13 |     7 |    41 |     6 |    11 |       |       |       |       ||    78
       Quarterstaff      |       |    98 |   136 |       |       |       |       |       |       ||   234
       Whip              |       |       |   114 |    61 |    76 |     5 |       |       |       ||   256
       Mace              |       |       |    56 |       |       |       |       |       |       ||    56
       Longbow           |       |       |       |       |       |       |     1 |       |       ||     1
 Fire: Hand crossbow     |     8 |    41 |   211 |       |       |       |       |       |       ||   260
       Longbow           |       |       |    29 |   775 |  1674 |  2114 |  2374 |  2584 |  2158 || 11708
Throw: Dart              |       |     7 |       |       |       |       |       |       |       ||     7
Invok: Upheaval          |       |       |       |     1 |       |     4 |     2 |     8 |     3 ||    18
       Elemental Force   |       |       |       |       |       |     6 |     7 |     4 |     2 ||    19
       Disaster Area     |       |       |       |       |       |     2 |     4 |     3 |     1 ||    10
 Abil: Bat Form          |       |       |       |     1 |       |       |       |       |       ||     1
       Exsanguinate      |       |       |       |     1 |       |       |       |       |       ||     1
       Revivify          |       |       |       |     1 |       |       |       |       |       ||     1
Evoke: Wand              |       |       |     5 |     5 |       |     9 |     4 |     4 |    10 ||    37
       Phantom mirror    |       |       |       |     1 |       |       |     3 |       |       ||     4
       Phial of floods   |       |       |       |       |     1 |     1 |     4 |     1 |       ||     7
  Use: Scroll            |       |       |    16 |    14 |    11 |    19 |    17 |     8 |    13 ||    98
       Potion            |       |       |     2 |     6 |     2 |     8 |     4 |     3 |    25 ||    50
Armor: Ring mail         |    84 |    74 |       |       |       |       |       |       |       ||   158
       Leather armour    |    11 |       |       |       |       |       |       |       |       ||    11
       Plate armour      |       |       |   512 |       |       |       |       |       |       ||   512
       Scale mail        |       |       |     5 |   249 |    94 |       |       |       |       ||   348
       Crystal plate arm |       |       |       |       |   466 |  1388 |  1042 |   759 |   892 ||  4547
       Skin              |       |       |       |       |     6 |       |       |       |       ||     6
Dodge: Dodged            |   100 |    82 |   153 |   293 |   219 |   481 |   536 |   536 |   500 ||  2900
       Repelled          |       |       |       |     3 |     2 |    13 |    21 |    19 |    39 ||    97
Block: Other             |       |       |    11 |    89 |   270 |   559 |   453 |   343 |   385 ||  2110
